 Dungeon Crawl Stone Soup version 0.22-a0-254-gaf95ca0 (webtiles) character file.

110529 wazuzu the Severer (level 16, -13/146 HPs)
             Began as a Hill Orc Monk on Mar 4, 2018.
             Was the Champion of the Shining One.
             Mangled by a large slime creature (27 damage)
             ... on level 11 of the Dungeon.
             The game lasted 01:31:24 (27681 turns).

wazuzu the Severer (Hill Orc Monk)                 Turns: 27681, Time: 01:31:25

Health: -13/146    AC: 20    Str: 21    XL:     16   Next: 55%
Magic:  26/26      EV: 11    Int: 10    God:    the Shining One [******]
Gold:   2042       SH:  0    Dex: 13    Spells: 15/15 levels left

rFire    + + +     SeeInvis .   t - +5 battleaxe
rCold    . . .     Gourm    .   (shield currently unavailable)
rNeg     + + +     Faith    .   D - +0 fire dragon scales
rPois    .         Spirit   .   J - +2 helmet
rElec    .         Reflect  .   e - scarf {cloud immunity}
rCorr    .         Harm     .   d - +2 pair of gloves {archery}
MR       +....                  q - +0 pair of boots
Stlth    ..........             (no amulet)
HPRegen  0.34/turn              b - ring of protection from cold
MPRegen  0.20/turn              m - ring of protection from fire

@: glowing, studying Stealth
A: no striking features
a: Divine Shield, Cleansing Flame, Summon Divine Warrior, Brand Weapon With Holy
Wrath, Renounce Religion


You were on level 11 of the Dungeon.
You worshipped the Shining One.
The Shining One was exalted by your worship.
You were not hungry.

You visited 5 branches of the dungeon, and saw 25 of its levels.
You also visited: Bailey and Volcano.

You collected 2333 gold pieces.
You spent 291 gold pieces at shops.

Inventory:

Hand Weapons
 t - a +5 battleaxe (weapon)
 w - a +0 war axe of flaming
Missiles
 g - 55 tomahawks (quivered)
 v - 6 javelins of penetration
Armour
 d - a +2 pair of gloves of archery (worn)
 e - a scarf of cloud immunity (worn)
 q - a +0 pair of boots (worn)
 D - +0 fire dragon scales (worn)
 J - a +2 helmet (worn)
Jewellery
 b - a ring of protection from cold (left hand)
 m - a ring of protection from fire (right hand)
 E - an uncursed ring of resist corrosion
 L - an uncursed amulet of magic regeneration
Wands
 o - a wand of paralysis (44)
 u - a wand of polymorph (39)
 A - a wand of acid (10)
 H - a wand of iceblast (5)
 K - a wand of flame (10)
Scrolls
 j - 8 scrolls of teleportation
 p - 5 scrolls of blinking
 r - 2 scrolls of amnesia
 s - 11 scrolls of remove curse
 x - 3 scrolls of enchant armour
 y - 5 scrolls of fog
 z - a scroll of fear
 F - 2 scrolls of enchant weapon
 G - 2 scrolls of identify
Potions
 a - 3 potions of flight
 f - 2 potions of mutation
 h - a potion of ambrosia
 i - 2 potions of lignification
 k - 5 potions of heal wounds
 l - 11 potions of curing
 n - a potion of magic
 C - a potion of haste
 I - 3 potions of brilliance
 M - a potion of resistance {unknown}
Books
 B - a manual of Stealth
Comestibles
 c - 38 rations
 N - 2 chunks of flesh


   Skills:
 + Level 14.0 Fighting
 - Level 20.0 Axes
 - Level 12.2 Throwing
 - Level 11.0 Armour
 - Level 2.4 Dodging
 - Level 1.5 Stealth
 + Level 14.4 Invocations
 - Level 6.0 Evocations


You had 15 spell levels left.
You didn't know any spells.

Dungeon Overview and Level Annotations

Branches:
Dungeon (15/15)            Temple (1/1) D:7            Lair (6/6) D:10
  Swamp (0/4) Lair:2        Snake (0/4) Lair:4        Slime (0/5) Lair:5
    Orc (2/2) D:9             Elf (1/3) Orc:2        Vaults (0/5) D:13
 Depths (0/5) D:15

Altars:
Ashenzari
Cheibriados
Dithmenos
Elyvilon
Fedhas
Gozag
Hepliaklqana
Kikubaaqudgha
Makhleb
Nemelex Xobeh
Okawaru
Qazlal
Ru
Sif Muna
Trog
Uskayaw
Vehumet
Xom
Yredelemnul
The Shining One
Beogh

Shops:
D:4 }   D:5 :   D:7 ?   Orc:2 :[*(

Annotations:
D:6 exclusion: door


Message History

You slice the very large slime creature!!
You hit the large slime creature.
The large slime creature is moderately wounded.
You hit the very large slime creature.
The very large slime creature hits you!!!
The large slime creature hits you!
You slice the large slime creature!!
The large slime creature is heavily wounded.
You hit the very large slime creature.
The very large slime creature hits you!!
The large slime creature hits you!!
You feel much better.
The very large slime creature hits you!!!
* * * LOW HITPOINT WARNING * * *
The large slime creature hits you but does no damage.
You feel much better.
The very large slime creature hits you!!!
* * * LOW HITPOINT WARNING * * *
The large slime creature hits you!!
You die...

................).............#
##...###########)..##########.#
##...# #)..##########.#
.....###########).............#
..............................#
..............................#
..........###################.#
.....########################.#
....##..P##....J@J............#
#####.....#.###################
#.♣..)'.# #####...P.###
....##..P## ##########


You could see a very large slime creature and a large slime creature.

Vanquished Creatures
  Gastronok (D:8)
  A frost giant (D:15)
  3 orc warlords
  A stone giant (Orc:1)
  A deep elf annihilator (Elf:1)
  A red draconian (Volcano)
  An ettin (Orc:1)
  A fire dragon (Lair:4)
  Snorg (Lair:3)
  2 vault guards (D:13)
  8 hydras
  4 centaur warriors
  A catoblepas (Lair:6)
  Erica (D:8)
  The ghost of Amnesiac the Geomancer, a journeyman DEEE of Uskayaw (D:11)
  6 two-headed ogres
  A death knight (D:13)
  A deep troll shaman (Lair:6)
  An orc high priest (Orc:2)
  A tengu warrior (D:11)
  11 death yaks
  2 deep elf knights
  Sonja (Lair:2)
  A skeletal warrior (D:13)
  An unseen horror (D:15)
  A lindwurm (Lair:6)
  2 wizards
  7 orc knights
  A wolf spider zombie (D:15)
  Pikel (D:7)
  15 deep elf magi
  2 ugly things
  4 orc sorcerers (Orc:2)
  2 cyclopes
  A manticore (D:14)
  2 centaur zombies
  8 elephants
  3 black mambas
  11 spiny frogs
  A molten gargoyle (Lair:4)
  2 gargoyles
  A kobold demonologist (D:12)
  3 rime drakes
  7 komodo dragons
  2 yaktaurs
  2 freezing wraiths
  2 tengu conjurers
  5 trolls
  4 polar bears
  Prince Ribbit (D:5)
  Grinder (D:4)
  16 blink frogs
  11 slime creatures
  11 hippogriffs
  A shadow (D:15)
  26 yaks
  A wyvern (Lair:6)
  Sigmund (D:5)
  6 wraiths
  5 fire bats (Volcano)
  Grum (Lair:1)
  3 chaos spawn (D:8)
  3 vampire mosquitoes (D:13)
  Eustachio (D:5)
  5 basilisks
  Edmund (D:5)
  A soldier ant (D:11)
  Menkaure (D:7)
  An acid dragon (D:12)
  3 wargs
  13 water moccasins
  14 porcupines
  27 orc warriors
  9 sky beasts
  A slave (D:7)
  6 black bears
  3 eyes of draining
  6 ice beasts
  2 necrophages (D:11)
  A phantom (D:9)
  15 wolves
  17 ogres
  13 centaurs
  11 crocodiles
  3 big kobolds
  Blork the orc (D:4)
  27 bullfrogs
  2 scorpions
  A water moccasin skeleton (D:4)
  6 killer bees (D:8)
  A howler monkey (D:10)
  4 crimson imps
  6 lava snakes (Volcano)
  5 jellies
  A bullfrog zombie (D:12)
  9 hounds
  Crazy Yiuf (D:5)
  4 centaur skeletons
  2 bullfrog skeletons (D:8)
  17 orc priests
  25 orc wizards
  14 worker ants
  2 hound skeletons
  4 worker ant zombies
  5 gnolls
  14 adders
  4 shadow imps
  An ooze (D:2)
  An adder skeleton (D:7)
  2 worms
  A dart slug (D:3)
  A leopard gecko (D:4)
  77 orcs
  4 giant cockroaches
  15 goblins
  2 hobgoblins
  12 jackals
  39 kobolds
  7 quokkas
  A ball python (D:8)
  7 bats
  2 frilled lizards
  8 rats
  5 fungi
  7 plants
731 creatures vanquished.

Vanquished Creatures (others)
  A deep elf mage (Elf:1)
  5 fungi
  4 plants (Lair:6)
  4 toadstools (D:1)
14 creatures vanquished.

Grand Total: 745 creatures vanquished

Notes
Turn   | Place    | Note
-------+----------+-------------------------------------------
     0 | D:1      | wazuzu the Hill Orc Monk began the quest for the Orb.
     0 | D:1      | Reached XP level 1. HP: 19/19 MP: 1/1
   188 | D:1      | Reached XP level 2. HP: 25/26 MP: 2/2
   317 | D:1      | Reached skill level 5 in Axes
   674 | D:2      | Reached skill level 1 in Armour
   674 | D:2      | Reached XP level 3. HP: 31/31 MP: 3/3
   937 | D:2      | Reached XP level 4. HP: 31/39 MP: 4/4
  1071 | D:2      | Reached skill level 6 in Axes
  2168 | D:3      | Found a blossoming altar of Fedhas.
  2177 | D:3      | Reached XP level 5. HP: 45/45 MP: 5/5
  2247 | D:3      | Reached skill level 7 in Axes
  2325 | D:3      | Found a white marble altar of Elyvilon.
  2331 | D:3      | Found an iron altar of Okawaru.
  2341 | D:3      | Became a worshipper of Elyvilon the Healer
  2341 | D:3      | Reached * piety under Elyvilon
  2341 | D:3      | Reached ** piety under Elyvilon
  3040 | D:4      | Found a sacrificial altar of Ru.
  3090 | D:4      | Reached skill level 8 in Axes
  3120 | D:4      | Noticed Grinder
  3132 | D:4      | Killed Grinder
  3132 | D:4      | Reached skill level 9 in Axes
  3132 | D:4      | Reached XP level 6. HP: 29/51 MP: 6/6
  3313 | D:4      | Noticed Blork the orc
  3320 | D:4      | Killed Blork the orc
  3320 | D:4      | Reached XP level 7. HP: 52/57 MP: 7/7
  3338 | D:4      | Found a basalt altar of Yredelemnul.
  3423 | D:4      | Found Xyguol's Gadget Shop.
  3534 | D:4      | Reached *** piety under Elyvilon
  3672 | D:4      | Reached skill level 10 in Axes
  3738 | D:5      | Entered Level 5 of the Dungeon
  3745 | D:5      | Found a stormy altar of Qazlal.
  3804 | D:5      | Noticed Eustachio
  3815 | D:5      | Killed Eustachio
  3821 | D:5      | Found a bloodstained altar of Trog.
  3832 | D:5      | Reached skill level 11 in Axes
  3833 | D:5      | Reached XP level 8. HP: 58/64 MP: 0/8
  3853 | D:5      | Noticed Sigmund
  3855 | D:5      | Reached skill level 12 in Axes
  3887 | D:5      | Killed Sigmund
  3943 | D:5      | Found a shimmering altar of Xom.
  3943 | D:5      | Found a stormy altar of Qazlal.
  4070 | D:5      | Found Yxod's Book Shoppe.
  4078 | D:5      | Reached skill level 13 in Axes
  4144 | D:5      | Noticed Prince Ribbit
  4145 | D:5      | Noticed Edmund
  4152 | D:5      | Killed Prince Ribbit
  4179 | D:5      | Killed Edmund
  4195 | D:5      | Reached skill level 14 in Axes
  4195 | D:5      | Reached XP level 9. HP: 15/70 MP: 7/9
  4611 | D:5      | Found a runed door.
  4615 | D:5      | Noticed Crazy Yiuf
  4617 | D:5      | Killed Crazy Yiuf
  4817 | D:6      | Reached skill level 1 in Invocations
  4873 | D:6      | Reached **** piety under Elyvilon
  5322 | D:6      | Found a hazy altar of Hepliaklqana.
  5322 | D:6      | Found a deep blue altar of Sif Muna.
  5482 | D:6      | Noticed a two-headed ogre
  5502 | D:6      | HP: 2/73 [two-headed ogre/giant club (25)]
  5995 | D:6      | Reached skill level 5 in Fighting
  6182 | D:7      | Found a staircase to the Ecumenical Temple.
  6187 | Temple   | Entered the Ecumenical Temple
  6354 | Temple   | Fell from the grace of Elyvilon
  6354 | Temple   | Became a worshipper of the Shining One
  6354 | Temple   | Reached * piety under the Shining One
  6354 | Temple   | Reached ** piety under the Shining One
  6457 | D:7      | Noticed Menkaure
  6464 | D:7      | Killed Menkaure
  6620 | D:7      | Found Livuott's Magic Scroll Emporium.
  6624 | D:7      | Bought a scroll of fog for 22 gold pieces
  6624 | D:7      | Bought a scroll of fear for 38 gold pieces
  6673 | D:7      | Noticed Pikel
  6683 | D:7      | Killed Pikel
  6683 | D:7      | Reached skill level 15 in Axes
  6683 | D:7      | Reached skill level 5 in Invocations
  6683 | D:7      | Reached XP level 10. HP: 47/83 MP: 13/13
  7217 | D:8      | Reached skill level 5 in Armour
  7289 | D:8      | Noticed Erica
  7299 | D:8      | Killed Erica
  7682 | D:8      | Found a shimmering altar of Xom.
  7683 | D:8      | Found the +16 mace of Variability {chaos}
  7684 | D:8      | Found an opulent altar of Gozag.
  7687 | D:8      | Reached *** piety under the Shining One
  7890 | D:8      | Noticed a two-headed ogre
  7903 | D:8      | HP: 3/86 [two-headed ogre/giant spiked club (9)]
  8248 | D:8      | Noticed Gastronok
  8260 | D:8      | Killed Gastronok
  8260 | D:8      | Reached XP level 11. HP: 52/94 MP: 14/16
  8497 | D:8      | Killed a two-headed ogre
  8497 | D:8      | Reached skill level 16 in Axes
  8758 | D:9      | Found a staircase to the Orcish Mines.
  8870 | D:9      | Found a blossoming altar of Fedhas.
  9154 | D:9      | Found a roughly hewn altar of Beogh.
  9157 | D:9      | Reached skill level 1 in Evocations
  9395 | D:10     | Entered Level 10 of the Dungeon
  9532 | D:10     | Found a staircase to the Lair.
  9662 | D:10     | Found a flagged portal.
  9671 | Bailey   | Entered a bailey
  9680 | Bailey   | Noticed an orc warlord
  9756 | Bailey   | Found a runed gate.
  9756 | Bailey   | Found a runed gate.
  9785 | Bailey   | Found a runed gate.
  9792 | Bailey   | Noticed an orc knight
  9799 | Bailey   | Killed an orc knight
  9939 | Bailey   | Killed an orc warlord
  9953 | Bailey   | Identified the Papyrus of Poisonous Transmigration
 10192 | D:10     | Reached **** piety under the Shining One
 10197 | D:10     | Identified a scroll of acquirement
 10206 | D:10     | Reached skill level 18 in Axes
 10206 | D:10     | Reached XP level 12. HP: 105/105 MP: 19/19
 10248 | D:10     | Reached XP level 13. HP: 110/111 MP: 20/20
 10682 | D:11     | You fall through a shaft for 3 floors!
 10900 | D:13     | Reached skill level 19 in Axes
 10900 | D:13     | Reached skill level 10 in Invocations
 11029 | D:13     | Reached skill level 10 in Fighting
 11481 | D:11     | Reached skill level 5 in Evocations
 11569 | D:11     | Noticed Amnesiac's ghost (journeyman DEEE)
 11854 | D:12     | Reached ***** piety under the Shining One
 12227 | D:11     | Killed Amnesiac's ghost
 12806 | Lair:1   | Entered Level 1 of the Lair of Beasts
 12807 | Lair:1   | Noticed Grum
 12817 | Lair:1   | Killed Grum
 13602 | Lair:2   | Reached XP level 14. HP: 117/125 MP: 23/23
 13890 | Lair:2   | Reached skill level 20 in Axes
 13963 | Lair:2   | Reached skill level 1 in Throwing
 14177 | Lair:2   | Found a staircase to the Swamp.
 14244 | Lair:2   | Noticed Sonja
 14249 | Lair:2   | Killed Sonja
 14521 | Lair:3   | Found a dark tunnel.
 14526 | Volcano  | Entered a volcano
 14739 | Volcano  | Noticed a red draconian
 14758 | Volcano  | Killed a red draconian
 14759 | Volcano  | Found a burning altar of Makhleb.
 14761 | Volcano  | Reached skill level 5 in Throwing
 15066 | Lair:3   | Noticed Snorg
 15077 | Lair:3   | Killed Snorg
 16441 | Lair:4   | Found a staircase to the Snake Pit.
 17653 | Lair:5   | Found a staircase to the Slime Pits.
 18258 | Lair:5   | Reached XP level 15. HP: 132/132 MP: 24/24
 18360 | Lair:5   | Got a shimmering great sword
 18361 | Lair:5   | Identified the +3 great sword "Aryhonn" {antimagic, rPois rF- rN+} (You found it on level 5 of the Lair of Beasts)
 18676 | Lair:6   | Entered Level 6 of the Lair of Beasts
 18709 | Lair:6   | Reached skill level 10 in Throwing
 18988 | Lair:6   | Reached skill level 10 in Armour
 20497 | Orc:1    | Entered Level 1 of the Orcish Mines
 20994 | Orc:2    | Entered Level 2 of the Orcish Mines
 21332 | Orc:2    | Noticed an orc warlord
 21395 | Orc:2    | Killed an orc warlord
 21878 | Orc:2    | Noticed an orc warlord
 21946 | Orc:2    | Killed an orc warlord
 22330 | Orc:2    | Found a roughly hewn altar of Beogh.
 22348 | Orc:2    | Found Teyjyib's Antique Weapon Shoppe.
 22352 | Orc:2    | Found Afericuj's General Store.
 22399 | Orc:2    | Bought a scroll of random uselessness for 15 gold pieces
 22463 | Orc:2    | Found a staircase to the Elven Halls.
 22580 | Orc:2    | Found Beipal's Book Shoppe.
 22681 | Orc:2    | Found Emoosily's Antique Armour Shoppe.
 22687 | Orc:2    | Bought a runed scarf for 216 gold pieces
 22852 | Elf:1    | Entered Level 1 of the Elven Halls
 22852 | Elf:1    | Reached ****** piety under the Shining One
 23101 | Elf:1    | Reached XP level 16. HP: 67/141 MP: 25/25
 25654 | D:15     | Entered Level 15 of the Dungeon
 26390 | D:15     | Found a staircase to the Depths.
 26733 | D:15     | Found a shadowy altar of Dithmenos.
 27025 | D:13     | Paralysed by a wizard for 6 turns
 27241 | D:13     | Found a gate to the Vaults.
 27681 | D:11     | Mangled by a large slime creature

Vault maps used:
D:1:      ldierk_water_garden
D:3:      amethyst_overflow_temple_binary, fedhas_altar_3
D:4:      nicolae_overflow_crystal_walls, first_ration, serial_shops,
          shop_fountains, corexii_checkpoint_a, nicolae_ru_sacrificial_ziggurat,
          uniq_grinder, uniq_blork_the_orc
D:5:      trog_eyes_of_draining, gammafunk_temple_overflow_wave, serial_shops,
          nicolae_shop_stone, hangedman_decor_riveting, minmay_crystal_water,
          nicolae_qazlal_general_emergency, uniq_sigmund,
          uniq_crazy_yiuf_cottage, uniq_eustachio, uniq_prince_ribbit1,
          uniq_edmund
D:6:      cheibrodos_two_vegetables, chequers_temple_overflow_statue_of_worship
D:7:      minmay_temple_entry_glassed_door, serial_shops, shop_fountains,
          uniq_menkaure, uniq_pikel
D:8:      overflow_temple_1_default, minmay_guarded_unrand_variability,
          uniq_erica, uniq_gastronok
D:9:      overflow_temple_1_default, minmay_orc_entry_temple_small
D:10:     minmay_lair_entry_grove, enter_bailey_7
D:11:     grunt_tengu_nest, elves_outpost_lemuel
D:12:     grunt_decor_cap
D:13:     grunt_vaults_entry_fortified, special_room
D:14:     minivault_19
D:15:     grunt_enter_depths_snipers, minmay_misc_feat_rows,
          grunt_dithmenos_shadows
Temple:   minmay_temple_forest_path
Lair:1:   grunt_megastairs_5, uniq_grum
Lair:2:   swamp_mist_pool, uniq_sonja
Lair:3:   enter_volcano_4, minmay_holes, uniq_snorg
Lair:4:   dragon1_lemuel, dummy_snake_entry, grunt_megastairs_1
Lair:5:   minmay_slime_entry_pillars, gammafunk_lair_bear_cave,
          grunt_megastairs_2
Lair:6:   grunt_lair_end_beastmaster
Orc:2:    grunt_orc_cross
Elf:1:    elf_arrival_002, serial_shops, nicolae_shop_stone,
          nicolae_shop_temple_entry_statues_fountains, shop,
          hangedman_elf_disciples
Bailey:   bailey_axe_bossmonster_kennysheep, bailey
Volcano:  volcano_grotto

Skill      XL: |  1  2  3  4  5  6  7  8  9 10 11 12 13 14 15 16 |
---------------+-------------------------------------------------+-----
Axes           | 5 6 9 11 14 15 18 19 20 | 20.0
Armour         | 1 2 4 6 8 9 11 | 11.0
Invocations    | 5 7 9 12 13 14 | 14.4
Fighting       | 6 8 9 11 12 14 | 14.0
Evocations     | 3 6 |  6.0
Throwing       | 9 11 12 | 12.2
Dodging        | |  2.4
Stealth        | |  1.5

Action                   |  1- 3 |  4- 6 |  7- 9 | 10-12 | 13-15 | 16-18 || total
-------------------------+-------+-------+-------+-------+-------+-------++-------
Melee: Hand axe          |    82 |   159 |       |       |       |       ||   241
       Battleaxe         |       |       |   198 |   259 |  1061 |   299 ||  1817
       Dire flail        |       |       |       |       |    13 |       ||    13
       War axe           |       |       |       |       |       |     5 ||     5
Throw: Tomahawk          |       |     4 |       |       |    67 |    15 ||    86
       Javelin           |       |       |       |       |    25 |       ||    25
       Throwing net      |       |       |       |       |     1 |       ||     1
Invok: Lesser Healing    |       |       |     3 |       |       |       ||     3
       Cleansing Flame   |       |       |       |       |     8 |       ||     8
Evoke: Wand              |       |     2 |     2 |    12 |    20 |       ||    36
  Use: Scroll            |     2 |     2 |     7 |    13 |    12 |     4 ||    40
       Potion            |       |     1 |     1 |     4 |     9 |     2 ||    17
  Eat: Chunk             |       |     5 |     7 |     3 |    30 |    11 ||    56
       Ration            |       |     1 |     1 |     3 |     3 |     1 ||     9
Armor: Chain mail        |    56 |    80 |   103 |    75 |       |       ||   314
       Troll leather arm |       |       |       |    27 |   200 |       ||   227
       Fire dragon scale |       |       |       |       |   202 |   129 ||   331
Dodge: Dodged            |    33 |    53 |    81 |   152 |   464 |   106 ||   889

Table legend:
 A = Spawn XP
 B = Non-spawn XP
 C = Spawn XP percentage of total XP
 D = Spawn monster count
 E = Non-spawn monster count
 F = Spawn count percentage of total count
 G = Total turns spent on level
                    A         B        C        D         E        F      G
               +---------+---------+-------+---------+---------+-------+---------
         Total |       0 |  144373 |   0.0 |       0 |     718 |   0.0 | 27681
               +---------+---------+-------+---------+---------+-------+---------
           D:1 |       0 |      25 |   0.0 |       0 |      17 |   0.0 |   669
           D:2 |       0 |     139 |   0.0 |       0 |      26 |   0.0 |  1473
           D:3 |       0 |      44 |   0.0 |       0 |      14 |   0.0 |   794
           D:4 |       0 |     502 |   0.0 |       0 |      13 |   0.0 |   802
           D:5 |       0 |    1829 |   0.0 |       0 |      30 |   0.0 |  1434
           D:6 |       0 |    1290 |   0.0 |       0 |      23 |   0.0 |   907
           D:7 |       0 |    1319 |   0.0 |       0 |      20 |   0.0 |   896
           D:8 |       0 |    5593 |   0.0 |       0 |      24 |   0.0 |  1700
           D:9 |       0 |    1585 |   0.0 |       0 |      40 |   0.0 |   754
          D:10 |       0 |    4230 |   0.0 |       0 |      38 |   0.0 |   891
          D:11 |       0 |   10465 |   0.0 |       0 |      45 |   0.0 |  1323
          D:12 |       0 |    3362 |   0.0 |       0 |      24 |   0.0 |  1027
          D:13 |       0 |   14574 |   0.0 |       0 |      61 |   0.0 |  1891
          D:14 |       0 |    7323 |   0.0 |       0 |      25 |   0.0 |  1156
          D:15 |       0 |    9763 |   0.0 |       0 |      22 |   0.0 |  1131
        Lair:1 |       0 |    5124 |   0.0 |       0 |      21 |   0.0 |   832
        Lair:2 |       0 |    5191 |   0.0 |       0 |      17 |   0.0 |   914
        Lair:3 |       0 |    6034 |   0.0 |       0 |      16 |   0.0 |  1058
        Lair:4 |       0 |   10773 |   0.0 |       0 |      29 |   0.0 |  1356
        Lair:5 |       0 |   10736 |   0.0 |       0 |      39 |   0.0 |  1446
        Lair:6 |       0 |   16539 |   0.0 |       0 |      45 |   0.0 |  1496
         Orc:1 |       0 |    4014 |   0.0 |       0 |      15 |   0.0 |   511
         Orc:2 |       0 |   12660 |   0.0 |       0 |      69 |   0.0 |  2140
         Elf:1 |       0 |    5711 |   0.0 |       0 |       9 |   0.0 |   277
        Bailey |       0 |    2453 |   0.0 |       0 |      21 |   0.0 |   290
       Volcano |       0 |    3095 |   0.0 |       0 |      15 |   0.0 |   302
               +---------+---------+-------+---------+---------+-------+---------
